 Dungeon Crawl Stone Soup version 0.30.1-11-g7821555f0a (webtiles) character file.

Game seed: 13785217591764346005

50 ChrisAssaf the Magician (level 4, -2/31 HPs)
             Began as a Djinni Summoner on Jan 6, 2024.
             Slain by an ogre
             ... wielding a +0 giant spiked club
              (33 damage)
             ... on level 4 of the Dungeon.
             The game lasted 00:06:10 (1244 turns).

ChrisAssaf the Magician (Djinni Summoner)           Turns: 1244, Time: 00:06:10

Health: -2/31      AC:  2    Str:  7    XL:     4   Next: 4%
Gold:   107        EV: 12    Int: 18    God:
                   SH:  0    Dex: 16

rFire   + + .        j - +8 flail "Vodeng" {venom, rElec rC++ Dex+2}
rCold   + . .        (no shield)
rNeg    . . .        a - +0 robe
rPois   ∞            (no helmet)
rElec   +            (no cloak)
rCorr   .            (no gloves)
SInv    .            (boots unavailable)
Will    .....        c - amulet of faith
Stlth   ++           (no ring)
HPRegen 0.25/turn    (no ring)
MPRegen 0.00/turn

%: faith, infuse magic (-3 HP)
@: about to teleport, flying
A: sickness immunity, fire resistance 2, cold vulnerability 1, float, innate
caster, HP casting, extra vitality 1
a: no special abilities


You were on level 4 of the Dungeon.
You visited 1 branch of the dungeon, and saw 4 of its levels.

You collected 107 gold pieces.

Inventory:

Hand Weapons
 e - a +2 short sword of venom
 j - the +8 flail "Vodeng" (weapon) {venom, rElec rC++ Dex+2}
   (You took it off a kobold on level 3 of the Dungeon)

   Dex:       It affects your dexterity (+2).
   rC:        It greatly protects you from cold.
   rElec:     It insulates you from electricity.
Missiles
 f - 4 javelins (quivered)
Armour
 a - a +0 robe (worn)
Jewellery
 c - an amulet of faith (around neck)
Wands
 g - a wand of polymorph (3)
 h - a wand of flame (15)
Potions
 b - a potion of might {unknown}
 d - a potion of lignification {unknown}
 i - 2 potions of heal wounds {unknown}


   Skills:
 * Level 0.8 Fighting
 - Level 0.5 Short Blades
 * Level 0.2 Maces & Flails
 * Level 0.1 Throwing
 * Level 1.0 Armour
 * Level 2.2 Dodging
 * Level 1.7 Stealth
 * Level 3.7 Spellcasting
 * Level 0.1 Evocations


You knew the following spells:

 Your Spells              Type           Power      Damage    Failure   Level
a - Summon Small Mammal   Summ           64%        N/A       3%          1
b - Call Imp              Summ           32%        N/A       4%          2
c - Call Canine Familiar  Summ           16%        N/A       10%         3
d - Summon Guardian Gole  Hex/Summ       16%        N/A       10%         3
e - Summon Lightning Spi  Summ/Air       16%        N/A       32%         4
f - Shock                 Conj/Air       64%        1d7       3%          1
Your spell library was empty.

Dungeon Overview and Level Annotations

Branches:
Dungeon (4/15)
 Temple: D:4-7

Altars:

Annotations:
D:4 Edmund


Innate Abilities, Weirdness & Mutations

You are immune to sickness and miasma.
You are immune to poison.
Your flesh is very heat resistant. (rF++)
You are vulnerable to cold. (rC-)
You float through the air rather than walking.
You learn spells naturally, not from books.
Your magical power is your life essence.
You have superior vitality. (+4 MHP)


Message History

Throw: 5 javelins
Press: ? - help, Q - select action, (/) - cycle Shift-Dir - straight line, f/p - hobgoblin
Aim: a hobgoblin (moderately wounded, 59% to hit)
You throw a javelin.
The javelin closely misses the hobgoblin.
Unknown command.
Throw: 4 javelins
Press: ? - help, Q - select action, (/) - cycle Shift-Dir - straight line, f/p - hobgoblin
Aim: a hobgoblin (moderately wounded, 59% to hit)
You throw a javelin.
The javelin pierces through the hobgoblin.
You kill the hobgoblin!
f - 4 javelins (gained 1)
You see here a hobgoblin corpse.
f - 5 javelins (gained 1)
Found a ring mail.
f - 6 javelins (gained 1)
An ogre comes into view. It is wielding a +0 giant spiked club.
The ogre shouts!
Throw: 6 javelins
Press: ? - help, Q - select action, (/) - cycle Shift-Dir - straight line, f - ogre
Aim: an ogre, wielding a +0 giant spiked club (74% to hit)
You throw a javelin. The javelin pierces through the ogre.
The ogre is lightly wounded.
Aiming: Polymorph
Press: ? - help, Shift-Dir - straight line, f/p - ogre
Aim: an ogre, wielding a +0 giant spiked club (lightly wounded, will become a water moccasin, a wyvern, or a fire bat, chance to affect: 49%)
Okay, then.
Throw: 5 javelins
Press: ? - help, Q - select action, (/) - cycle Shift-Dir - straight line, f/p - ogre
Aim: an ogre, wielding a +0 giant spiked club (lightly wounded, 74% to hit)
You throw a javelin. The javelin closely misses the ogre.
You hear a shout!
Edmund the Younger comes into view.
He is wielding a +2 flail of pain.
As you read the scroll of teleportation, it crumbles to dust.
You feel strangely unstable. The ogre attacks as you move away!
The ogre hits you with a +0 giant spiked club!!
Ouch! That really hurt!
You die...

#...#.# ###
#####.# ...
#.# ..# #.#
##[# #.#
..# #.#
(..#####.#
#.#
#(..@...###
#.#
#.#.###O@.#
#.# ###.#
#.# #.# #.#
# #.# #.#
#. #†# #.#
.. #.# #.#
#.#.### #.#
#.....# #.#
###...###.#


You could see Edmund and an ogre.

Vanquished Creatures
  A worm (D:2)
  2 dart slugs (D:3)
  An orc (D:3)
  3 endoplasms
  2 goblins
  3 hobgoblins
  A jackal (D:1)
  2 quokkas (D:3)
  3 frilled lizards (D:3)
  3 kobolds
21 creatures vanquished.

Vanquished Creatures (collateral kills)
  A worm (D:3)
  A dart slug (D:1)
  3 endoplasms (D:1)
  3 goblins (D:1)
  3 jackals (D:1)
  A kobold (D:1)
12 creatures vanquished.

Grand Total: 33 creatures vanquished

Notes
Turn   | Place    | Note
-------+----------+-------------------------------------------
     0 | D:1      | ChrisAssaf the Djinni Summoner began the quest for the Orb.
     0 | D:1      | ChrisAssaf set off with the following spells memorised:
                  | Summon Small Mammal, Call Imp, Call Canine Familiar, Summon
                  | Guardian Golem, Summon Lightning Spire.
     0 | D:1      | Reached XP level 1. HP: 15/15 MP: 0/0
   215 | D:1      | Found a faded altar of an unknown god.
   268 | D:1      | Reached XP level 2. HP: 15/21 MP: 0/0
   443 | D:1      | Reached XP level 3. HP: 15/26 MP: 0/0
   443 | D:1      | Learned a level 1 spell: Shock
   847 | D:3      | Identified the +8 flail "Vodeng" {venom, rElec rC++ Dex+2}
  1080 | D:3      | Reached skill level 1 in Armour
  1083 | D:3      | Reached XP level 4. HP: 31/31 MP: 0/0
  1237 | D:4      | Noticed an ogre
  1239 | D:4      | Noticed Edmund
  1244 | D:4      | Slain by an ogre

Illustrated notes

Levels and vault maps discovered:
D:1:      dpeg_arrival_windows_large_door, layout_loops_ring,
          hellmonk_ecumenical_altar_arch_garden, hangedman_abyss_or_decor_stabs,
          minmay_tripent
D:2:      layout_loops_corners, basic_altar, uniq_jessica
D:3:      layout_basic, dreamdust_mushroom_princess
D:4:      layout_basic, uniq_edmund, uniq_duvessa

Skill      XL: |  1  2  3 |
---------------+----------+-----
Armour         | 1 |  1.0
Fighting       | |  0.8
Short Blades   | |  0.5
Maces & Flails | |  0.2
Throwing       | |  0.1
Dodging        | |  2.2
Stealth        | |  1.7
Spellcasting   | |  3.7
Evocations     | |  0.1

Action                     |  1- 3 |  4- 6 || total
---------------------------+-------+-------++-------
  Melee: Unarmed           |     2 |       ||     2
         Short sword       |    24 |       ||    24
         Dagger            |     2 |       ||     2
         Flail             |     2 |     3 ||     5
  Throw: Javelin           |    13 |     7 ||    20
   Cast: Summon Small Mamm |     6 |       ||     6
         Call Imp          |     6 |       ||     6
         Shock             |     8 |       ||     8
         Call Canine Famil |     1 |     1 ||     2
    Use: Scroll            |     5 |     1 ||     6
   Stab: Sleeping          |     2 |       ||     2
 Armour: Robe              |     8 |     1 ||     9
  Dodge: Dodged            |    36 |     2 ||    38
